 Dungeon Crawl Stone Soup version bcrawl-1.34.4 (webtiles) character file.

Game seed: 3196503599377996058

386179 KristoblXynda the Carver (level 10, -1/91 HPs)
             Began as a Purple Draconian Gladiator on Oct 30, 2021.
             Was a Follower of Ashenzari.
             Slain by a centaur warrior zombie (7 damage)
             ... on level 8 of the Dungeon.
             The game lasted 00:09:10 (7185 turns).

KristoblXynda the Carver (DrGl)                     Turns: 7185, Time: 00:09:11

Health: -1/91      AC: 11    Str: 17    XL:     10   Next: 61%
Magic:  14/14      EV: 17    Int:  6    God:    Ashenzari [*.....]
Gold:   401        SH:  6    Dex: 16    Spells: 9/9 levels left

rFire    x . .     SeeInvis .   s - +2 long sword of Spontaneous Combustion {speed, Str+5} (curse)
rCold    + . .     Gourm    .   (no shield)
rNeg     + + .     Faith    .   (armour unavailable)
rPois    +         Spirit   .   b - +2 hat
rElec    .         Reflect  +   z - +0 cloak
rCorr    .         Harm     .   p - +0 pair of gloves
MR       +....                  (no boots)
Stlth    +.........             m - +3 amulet of reflection (curse)
HPRegen  0.25/turn              f - +3 ring of dexterity
MPRegen  0.14/turn              w - ring of the Heavens {Ice rPois rN++ Str-5 Int-5}

@: no status effects
A: breathe power, unfitting armour, cold-blooded, AC +7
a: Breathe Dispelling Energy, Curse Item, Scrying, Renounce Religion


You were on level 8 of the Dungeon.
You worshipped Ashenzari.
Ashenzari was aware of your devotion.
You were not hungry.

You visited 2 branches of the dungeon, and saw 9 of its levels.

You collected 681 gold pieces.
You spent 280 gold pieces at shops.

Inventory:

Hand Weapons
 g - a +0 scimitar
 s - the cursed +2 long sword of Spontaneous Combustion (weapon) {speed, Str+5}
   (You bought it in a shop on level 4 of the Dungeon)

   Attacks with this weapon are significantly faster.
   It affects your strength (+5).
   It has a curse placed upon it.
Missiles
 d - 2 throwing nets {=f}
Armour
 b - a +2 hat (worn)
 p - a +0 pair of gloves (worn)
 z - a +0 cloak (worn)
Jewellery
 f - a +3 ring of dexterity (left hand)
 m - a cursed +3 amulet of reflection (around neck)
 w - the ring of the Heavens (right hand) {Ice rPois rN++ Str-5 Int-5}
   (You found it on level 6 of the Dungeon)

   [ring of ice]

   It enhances your ice magic.
   It affects your strength (-5).
   It affects your intelligence (-5).
   It makes you vulnerable to fire.
   It protects you from cold.
   It protects you from poison.
   It greatly protects you from negative energy.
 y - an uncursed ring of flight
Wands
 x - a wand of iceblast (1)
Scrolls
 h - a scroll of magic mapping
 i - 3 scrolls of identify
 j - 2 scrolls of remove curse
 k - 2 scrolls of teleportation
 l - 2 scrolls of enchant armour
 r - a scroll of enchant weapon
Potions
 a - a potion of haste {unknown}
 n - a potion of mutation {unknown}
 o - a potion of brilliance {unknown}
 t - 2 potions of curing
 u - 2 potions of flight
 v - 2 potions of invisibility
 A - a potion of might {unknown}
Comestibles
 e - 6 rations {!d}


   Skills:
 + Level 9.2 Fighting
 + Level 10.8 Long Blades
 - Level 2.0 Throwing
 + Level 7.7 Dodging
 + Level 5.6 Evocations


You had 9 spell levels left.
You didn't know any spells.
Your spell library was empty.

Dungeon Overview and Level Annotations

Branches:
Dungeon (8/12)             Temple (1/1) D:4
   Lair: D:7-9          Orc: D:8-11

Altars:
Ashenzari
Cheibriados
Dithmenos
Elyvilon
Fedhas
Gozag
Hepliaklqana
Kikubaaqudgha
Lugonu
Makhleb
Nemelex Xobeh
Okawaru
Ru
Sif Muna
Trog
Uskayaw
Vehumet
Wu Jian
Yredelemnul
Zin
The Shining One

Shops:
D:4 (   D:6 :


Innate Abilities, Weirdness & Mutations

You can breathe bolts of dispelling energy.
Your rich purple scales are hard. (AC +7)
You cannot fit into any form of body armour.
You are cold-blooded and may be slowed by cold attacks.


Message History

You tail-slap the centaur warrior zombie.
The centaur warrior zombie is heavily damaged.
The centaur warrior zombie hits you but does no damage.
You slash the centaur warrior zombie!
The centaur warrior zombie is heavily damaged.
You hit the centaur warrior zombie.
The centaur warrior zombie is severely damaged.
You block the centaur warrior zombie's attack.
You hit the centaur warrior zombie.
You tail-slap the centaur warrior zombie, but do no damage.
The centaur warrior zombie is severely damaged.
The centaur warrior zombie hits you.
* * * LOW HITPOINT WARNING * * *
You slash the centaur warrior zombie!
You tail-slap the centaur warrior zombie.
The centaur warrior zombie is almost destroyed.
You hit the centaur warrior zombie but do no damage.
The centaur warrior zombie is almost destroyed.
The centaur warrior zombie hits you!
You die...

#.Z.#.....
+.oo'....%
#..Z#...=. #.o.#
.... #...# ...
#####...# #.##
...####.######†###
...# #.....)).Z.#
...#############@#
..........# #.#
...######.# ##.##
.### #.# #...# .#
#.# #.#.# ## #.#
#...# #.######.##
#....# #.# ####.#
#.#


You could see a centaur warrior zombie.

Vanquished Creatures
  Pikel (D:5)
  An ugly thing (D:8)
  A komodo dragon (D:5)
  A hippogriff (D:7)
  Sigmund (D:3)
  6 yaks (D:8)
  A hungry ghost (D:7)
  5 humans (D:6)
  A water moccasin (D:7)
  2 ogres
  An orc warrior (D:8)
  A necrophage (D:7)
  A black bear (D:6)
  3 phantoms
  3 sky beasts
  6 centaurs
  Blork the orc (D:5)
  2 scorpions (D:6)
  8 wights
  2 howler monkeys
  6 orc priests
  2 crimson imps
  A bullfrog zombie (D:7)
  A quasit (D:8)
  Crazy Yiuf (D:7)
  5 orc wizards
  2 bullfrog skeletons
  2 iguanas
  6 worker ants
  A hound zombie (D:8)
  A hound skeleton (D:6)
  3 adders
  A shadow imp (D:5)
  An ooze (D:1)
  An adder skeleton (D:2)
  4 worms
  2 dart slugs (D:1)
  2 leopard geckos
  18 orcs
  2 giant cockroaches
  7 goblins
  3 hobgoblins
  6 jackals
  8 kobolds
  2 quokkas
  4 frilled lizards
  3 rats
143 creatures vanquished.

Vanquished Creatures (others)
  3 centaurs (D:8)
  A worker ant (D:5)
  An orc (D:5)
  A jackal (D:8)
  A ball python (D:5)
7 creatures vanquished.

Grand Total: 150 creatures vanquished

Notes
Turn   | Place    | Note
-------+----------+-------------------------------------------
     0 | D:1      | KristoblXynda the Draconian Gladiator began the quest for
                  | the Orb.
     0 | D:1      | Reached XP level 1. HP: 19/19 MP: 1/1
    94 | D:1      | Reached XP level 2. HP: 26/26 MP: 2/2
   599 | D:2      | Found a radiant altar of Vehumet.
   627 | D:2      | Reached XP level 3. HP: 33/33 MP: 3/3
   724 | D:2      | Found a sparkling altar of Nemelex Xobeh.
   851 | D:2      | Found a glowing silver altar of Zin.
  1031 | D:2      | Noticed an ogre
  1052 | D:2      | Killed an ogre
  1053 | D:2      | Reached skill level 4 in Long Blades
  1053 | D:2      | Reached XP level 4. HP: 15/40 MP: 4/4
  1206 | D:2      | Found a shadowy altar of Dithmenos.
  1318 | D:2      | Reached XP level 5. HP: 46/46 MP: 5/5
  1547 | D:3      | Found a sacrificial altar of Ru.
  1835 | D:3      | Noticed Sigmund
  1849 | D:3      | Killed Sigmund
  1850 | D:3      | Reached skill level 5 in Long Blades
  1850 | D:3      | Reached XP level 6. HP: 32/55 MP: 6/6
  2067 | D:3      | Found a burning altar of Makhleb.
  2504 | D:4      | Found Upsiet Qazxo's Antique Weapon Emporium.
  2507 | D:4      | Bought a buzzing long sword for 280 gold pieces
  2507 | D:4      | Identified the +2 long sword of Spontaneous Combustion
                  | {speed, Str+5} (You bought it in a shop on level 4 of the
                  | Dungeon)
  2652 | D:4      | Reached skill level 5 in Fighting
  2656 | D:4      | Found a staircase to the Ecumenical Temple.
  2761 | Temple   | Entered the Ecumenical Temple
  2857 | Temple   | Became a worshipper of Ashenzari the Shackled
  2858 | Temple   | Found the cursed amulet of Vision {SInv *Curse}
  3361 | D:4      | Your scales start taking on a rich purple colour.
  3361 | D:4      | Reached XP level 7. HP: 48/61 MP: 7/7
  3555 | D:5      | Entered Level 5 of the Dungeon
  3661 | D:5      | Noticed a komodo dragon
  3673 | D:5      | Killed a komodo dragon
  3674 | D:5      | Reached skill level 6 in Long Blades
  3795 | D:5      | Reached skill level 7 in Long Blades
  3795 | D:5      | Reached skill level 5 in Dodging
  3795 | D:5      | Reached XP level 8. HP: 70/70 MP: 8/8
  3931 | D:5      | Noticed Pikel
  3938 | D:5      | Killed Pikel
  3939 | D:5      | Reached skill level 8 in Long Blades
  4139 | D:5      | Noticed Blork the orc
  4150 | D:5      | Killed Blork the orc
  4493 | D:5      | Reached XP level 9. HP: 72/79 MP: 9/9
  4544 | D:6      | Identified the ring of the Heavens {Ice rPois rN++ Str-5
                  | Int-5}
  4602 | D:6      | Found Hehoes's Book Shop.
  4629 | D:6      | Reached skill level 1 in Evocations
  4664 | D:6      | Reached skill level 9 in Long Blades
  4689 | D:6      | Reached * piety under Ashenzari
  4725 | D:6      | Found a hide-covered altar of Uskayaw.
  5040 | D:6      | Found an ornate altar of the Wu Jian Council.
  5597 | D:7      | Reached skill level 10 in Long Blades
  5668 | D:7      | Found a glowing golden altar of the Shining One.
  5819 | D:7      | Found a runed door.
  5940 | D:7      | Reached XP level 10. HP: 86/89 MP: 12/12
  5988 | D:7      | Identified the +6 mace "Gorey" {venom, Int+5}
  6001 | D:7      | Found an ancient bone altar of Kikubaaqudgha.
  6748 | D:7      | Noticed Crazy Yiuf
  6752 | D:7      | Killed Crazy Yiuf
  6923 | D:8      | Noticed a brown ugly thing
  6931 | D:8      | Reached skill level 5 in Evocations
  6962 | D:8      | Killed a brown ugly thing
  7185 | D:8      | Slain by a centaur warrior zombie

Skill      XL: |  1  2  3  4  5  6  7  8  9 10 |
---------------+-------------------------------+-----
Throwing       | 2 |  2.0
Dodging        | 3 4 5 6 7 |  7.7
Fighting       | 4 5 6 7 8 9 |  9.2
Long Blades    | 4 5 7 8 10 | 10.8
Evocations     | 3 5 |  5.6

Action                   |  1- 3 |  4- 6 |  7- 9 | 10-12 || total
-------------------------+-------+-------+-------+-------++-------
Melee: Long sword        |    69 |    84 |   317 |   177 ||   647
       Tailslap          |     9 |    19 |    59 |    29 ||   116
Throw: Throwing net      |     3 |       |       |     2 ||     5
Invok: Curse Item        |       |     2 |       |       ||     2
 Abil: Breathe Dispellin |       |       |       |     2 ||     2
Evoke: Wand              |       |       |     3 |     3 ||     6
  Use: Scroll            |       |     2 |    11 |       ||    13
       Potion            |       |       |       |     2 ||     2
 Stab: Sleeping          |     2 |     2 |     2 |       ||     6
       Held in net/web   |     1 |       |       |       ||     1
  Eat: Chunk             |     2 |     6 |    12 |     1 ||    21
       Ration            |       |     1 |       |     2 ||     3
Armor: Skin              |     8 |     6 |    30 |    20 ||    64
Dodge: Dodged            |    35 |    32 |   105 |    88 ||   260
Block: Other             |       |    12 |    49 |    38 ||    99
       Reflection        |       |     2 |     2 |     1 ||     5
